 Dungeon Crawl Stone Soup version 0.29.1-15-g9cfb28693d (webtiles) character file.

Game seed: 14834616692754145773

61 croobank the Sneak (level 4, 0/34 HPs)
             Began as an Octopode Delver on Feb 23, 2023.
             Succumbed to an adder's poison
             ... on level 2 of the Dungeon.
             The game lasted 00:04:53 (2498 turns).

croobank the Sneak (Octopode Delver)                Turns: 2498, Time: 00:04:53

Health: 0/34       AC:  1    Str: 10    XL:     4   Next: 7%
Magic:  0/4        EV: 13    Int: 18    God:
Gold:   148        SH:  0    Dex: 12    Spells: 2/3 levels left

rFire   . . .      SeeInvis .   a - +0 hand axe
rCold   . . .      Faith    .   (no shield)
rNeg    . . .      Spirit   .   (helmet restricted)
rPois   .          Reflect  .   (no amulet)
rElec   .          Harm     .   (no ring)
rCorr   .          Rampage  .   (no ring)
Will    .....                   (no ring)
Stlth   ++++......              (no ring)
HPRegen 0.11/turn               (no ring)
MPRegen 0.09/turn               (no ring)
                                (no ring)
                                (no ring)

@: lethally poisoned (0 -> -6), very slightly contaminated
A: almost no armour, amphibious, 8 rings, camouflage 1, gelatinous body 1,
(nimble swimmer 1), tentacles, clever 1, robust 1
a: no special abilities


You were on level 2 of the Dungeon.
You visited 1 branch of the dungeon, and saw 5 of its levels.

You collected 148 gold pieces.

Inventory:

Hand Weapons
 a - a +0 hand axe (weapon)
 n - a +0 war axe
 A - a +0 dagger
Missiles
 u - 10 poisoned darts (quivered)
Jewellery
 r - a ring of fire
Wands
 f - a wand of digging (3)
 h - a wand of roots (7)
 x - a wand of acid (5)
Scrolls
 b - a scroll of fog
 c - a scroll of magic mapping
 d - 2 scrolls of fear
 g - 3 scrolls of identify {unknown}
 l - 2 scrolls of immolation {unknown}
 m - a scroll of silence {unknown}
 p - a scroll of poison {unknown}
 q - a scroll of torment {unknown}
 s - a scroll of amnesia {unknown}
 t - a scroll of vulnerability {unknown}
 y - a scroll of enchant armour {unknown}
 z - a scroll of butterflies {unknown}
Potions
 e - 2 potions of haste
 i - a potion of berserk rage {unknown}
 j - 2 potions of mutation
 k - a potion of lignification {unknown}
 o - a potion of curing {unknown}
 v - 2 potions of might {unknown}
 w - a potion of flight {unknown}


   Skills:
 + Level 3.5 Fighting
 + Level 2.6 Axes
 + Level 2.6 Dodging
 + Level 7.1 Stealth
 + Level 0.1 Spellcasting
 + Level 0.0 Conjurations
 + Level 0.2 Fire Magic


You had 2 spell levels left.
You knew the following spells:

 Your Spells              Type           Power      Damage    Failure   Level
a - Foxfire               Conj/Fire      0%         2x1d4     21%         1

Your spell library contained the following spells:

 Spells                   Type           Power      Damage    Failure   Level
 Conjure Flame            Conj/Fire      0%         6-21      52%         3
 Inner Flame              Hex/Fire       0%         N/A       54%         3
 Flame Wave               Conj/Fire      0%         2d4       90%         4
 Passage of Golubria      Tloc           0%         N/A       91%         4
 Silence                  Hex/Air        0%         N/A       99%         5
 Lehudib's Crystal Spear  Conj/Erth      0%         10d2      100%        8


Dungeon Overview and Level Annotations

Branches:
Dungeon (5/15)
 Temple: D:4-7

Altars:

Annotations:
D:2 1 runed translucent door, Crazy Yiuf, Sigmund


Innate Abilities, Weirdness & Mutations

You cannot wear most types of armour.
You are amphibious.
You can wear up to eight rings at the same time.
Your skin changes colour to match your surroundings (Stealth+).
Your rubbery body absorbs attacks. (AC +1, EV +1)
((You are camouflaged when in or above water. (Stealth+)))
You have tentacles for arms and can constrict up to eight enemies at once.
Your mind is acute. (Int +4, Str/Dex -1)
You are robust. (+10% HP)


Message History

Confirm with . or Enter, or press ? or * to list all spells.
You miscast Foxfire.
You are very lightly contaminated with residual magic.
Nothing appears to happen.
A quokka comes into view.
Casting: Foxfire (safe; 26% risk of failure)
Confirm with . or Enter, or press ? or * to list all spells.
You miscast Foxfire.
Nothing appears to happen.
The adder misses you.
An orc priest comes into view. It is wielding a +0 dagger.
You hit the adder. Your grab misses the adder. Your squeeze misses the adder.
The adder is severely wounded.
The adder barely misses you. The adder bites you.
You are poisoned.
The adder poisons you!
The orc priest invokes the aid of Beogh against you.
Beogh smites you!
You hear a shout! x2
Casting: Foxfire (safe; 26% risk of failure)
Confirm with . or Enter, or press ? or * to list all spells.
You conjure some foxfire!
You feel sick. The adder misses you.
You barely miss the adder. Your grab misses the adder.
The adder is severely wounded.
You hit the orc priest but do no damage.
You feel sick.
The foxfire hits the orc priest but does no damage.
The foxfire hits the orc priest.
The orc priest is lightly wounded.
The adder bites you.
You are more poisoned.
The adder poisons you! The orc priest barely misses you.
You hit the orc priest. Your grab misses the orc priest.
The orc priest is heavily wounded.
You barely miss the adder.
You feel sick. The adder completely misses you.
The orc priest invokes the aid of Beogh against you.
Beogh smites you!
* * * LOW HITPOINT WARNING * * *
The adder closely misses you.
It was a potion of mutation.
You feel extremely strange.
You feel clever.
You feel robust.
You die...

..###...........##.##.# #####...#
..###..##.........)##.###........
..##...###.##..............÷.....
..#....##..##.##...#.............
##...#.[......####..#.##.........
#...##........# ##.#............
...##..#......####......#........
...##..#......##...##.#.#######.#
..##..##......#.@###..#.# .#
................oS## ## . ..
###....#........#r.. #r
###...........##§##..#
(.....>....... .## ......##.####
. ......# .# . ......# . ..
......# ##


You could see an orc priest, an adder and a quokka.

Vanquished Creatures
  2 adders (D:2)
  2 orcs (D:2)
  3 ball pythons
  4 endoplasms
  4 goblins
  2 jackals (D:4)
  6 kobolds
  3 quokkas
  7 bats
  A frilled lizard (D:2)
  5 rats
39 creatures vanquished.

Vanquished Creatures (others)
  31 foxfires (D:2)
31 creatures vanquished.

Grand Total: 70 creatures vanquished

Notes
Turn   | Place    | Note
-------+----------+-------------------------------------------
     0 | D:5      | croobank the Octopode Delver began the quest for the Orb.
     0 | D:5      | Reached XP level 1. HP: 16/16 MP: 1/1
    28 | D:5      | Noticed a +0 hand axe
    28 | D:5      | Noticed a hound
    31 | D:5      | Noticed an ogre
    34 | D:5      | Noticed a +0 hand axe
    46 | D:5      | Noticed a hound
   267 | D:4      | Noticed a black bear
   543 | D:3      | Reached XP level 2. HP: 16/21 MP: 2/2
   678 | D:2      | Noticed Sigmund
   699 | D:2      | Reached XP level 3. HP: 21/26 MP: 3/3
  1010 | D:1      | Reached skill level 7 in Stealth
  1891 | D:2      | Learned a level 1 spell: Foxfire
  2109 | D:2      | Reached XP level 4. HP: 24/31 MP: 2/4
  2397 | D:2      | Found a runed translucent door.
  2398 | D:2      | Noticed Crazy Yiuf
  2497 | D:2      | HP: 1/31 [orc priest/divine providence (11)]
  2498 | D:2      | Gained mutation: Your mind is acute. (Int +4, Str/Dex -1)
                  | [potion of mutation]
  2498 | D:2      | Gained mutation: You are robust. (+10% HP) [potion of
                  | mutation]
  2498 | D:2      | Succumbed to an adder's poison

Illustrated notes

Levels and vault maps discovered:
D:1:      psy_arrival_dodecagon, layout_basic, minmay_hexomino_p4
D:2:      layout_rooms, uniq_jessica, uniq_sigmund, uniq_crazy_yiuf_cottage
D:3:      layout_loops_ring, dreamdust_ecumenical_altar_angels_and_demons,
          minmay_misc_feat_room
D:4:      layout_gridville, uniq_grinder, uniq_ijyb
D:5:      layout_rooms, dancing_weapons_uskayaw, mainiacjoe_overflow_alcove_2,
          minmay_temple_entry_overgrown, uniq_duvessa

Skill      XL: |  1  2  3 |
---------------+----------+-----
Stealth        | 7 |  7.1
Fighting       | |  3.5
Axes           | |  2.6
Dodging        | |  2.6
Spellcasting   | |  0.1
Fire Magic     | |  0.2

Action                   |  1- 3 |  4- 6 || total
-------------------------+-------+-------++-------
Melee: Hand axe          |    63 |     8 ||    71
       Tentacles         |    12 |     1 ||    13
       Constrict         |    11 |     2 ||    13
       Punch             |     1 |       ||     1
 Cast: Foxfire           |    11 |     6 ||    17
  Use: Potion            |       |     1 ||     1
 Stab: Sleeping          |    13 |       ||    13
Armor: Skin              |     8 |       ||     8
Dodge: Dodged            |    48 |     8 ||    56
